[Event "*** Titled Tuesday Blitz"]
[Site "Chess.com"]
[Date "2021.02.02"]
[Round "3"]
[White "WiktoriaPOL"]
[Black "hangemhigh"]
[Result "0-1"]
[WhiteElo "1990"]
[BlackElo "2302"]
[TimeControl "180+1"]
[EndTime "10:30:33 PST"]
[Termination "hangemhigh won on time"]

1. e4 d5 2. exd5 Qxd5 3. Nc3 Qa5 4. d4 Nf6 5. Bd3 Nc6 6. Nf3 Bg4 7. Be3 O-O-O 8. O-O Qh5 9. a4 e5 10. d5 Bxf3 11.
Qxf3 Qxf3 12. gxf3 Nxd5 13. Bf5+ Kb8 14. Rad1 Nde7 15.
Rxd8+ Nxd8 16. Rd1 Nec6 17. Rd7 g6 18. Be4 Bd6 19.
Nb5 Kc8 20. Rxd6 cxd6 21. Nxd6+ Kd7 22. Nb5 a6 23. Nc3 f5 24. Bd5 Nb4 0-1

[Event "*** Titled Tuesday Blitz"]
[Site "Chess.com"]
[Date "2021.02.02"]
[Round "3"]
[White "Gnechko_Ruslan"]
[Black "K_A_S_T_O_R"]
[Result "0-1"]
[WhiteElo "2508"]
[BlackElo "2753"]
[TimeControl "180+1"]
[EndTime "10:30:34 PST"]
[Termination "K_A_S_T_O_R won by checkmate"]

1. e4 c5 2. Nf3 d6 3. d4 cxd4 4.
Nxd4 Nf6 5. Nc3 a6 6. Be3 e6 7.
g4 h6 8. h3 b5 9. Bg2 Bb7 10.
a3 g5 11. Qe2 Nbd7 12. O-O-O Rc8 13. f4 Rxc3 14. bxc3 gxf4 15. Bxf4 Qc7 16. Nb3 Ne5 17. Bxe5 dxe5 18. Kb2 Nd7 19. Rhf1 Nb6 20. Qd3 Na4+ 21. Ka1 Bxa3 22. Rxf7 Kxf7 23. Qd7+ Qxd7 24. Rxd7+ Kf6 25. Rxb7 Rd8 26. Bf3 Nxc3 27. h4 Kg6 28. Rc7 b4 29. Rc6 Rf8 30. Rxe6+ Kg7 31. Bg2 Rf2 32. Bh3 Rxc2 33.
g5 Ra2# 0-1

[Event "*** Titled Tuesday Blitz"]
[Site "Chess.com"]
[Date "2021.02.02"]
[Round "3"]
[White "SGchess01"]
[Black "szachuspl"]
[Result "1-0"]
[WhiteElo "2798"]
[BlackElo "2544"]
[TimeControl "180+1"]
[EndTime "10:30:35 PST"]
[Termination "SGchess01 won by resignation"]

1. e4 c5 2. Nf3 e6 3. d4 cxd4 4. Nxd4 Nf6 5. Nc3 Nc6 6. a3 d5 7.
exd5 exd5 8. Bb5 Bd7 9. O-O Be7 10. Nf3 a6 11. Bd3 O-O 12. h3 h6 13. Bf4 Be6 14.
Qd2 Re8 15. Rfe1 Bf8 16. Ne5 Rc8 17. Nxc6 Rxc6 18. Be5 Nd7 19. Bd4 Nc5 20. Re3 Nxd3 21. Qxd3 Qd7 22. Rae1 Rec8 23. Rg3 Bf5 24. Qd2 Kh7 25.
Re2 b5 26. Qf4 Bg6 27. h4 Rc4 28. Qd2 a5 29. Re5 b4 30. axb4 axb4 31. Nxd5 Rxc2 32. Qf4 Bd6 33. h5 Rc1+ 34. Kh2 Bxe5 35. Qxe5 f6 36. Nxf6+ gxf6 37. hxg6+ Kg8 38. Qxf6 1-0

[Event "*** Titled Tuesday Blitz"]
[Site "Chess.com"]
[Date "2021.02.02"]
[Round "3"]
[White "Synctel"]
[Black "utsavp"]
[Result "0-1"]
[WhiteElo "2003"]
[BlackElo "2303"]
[TimeControl "180+1"]
[EndTime "10:30:35 PST"]
[Termination "utsavp won by resignation"]

1. e4 c5 2. Ne2 a6 3. g3 Nc6 4. Bg2 b5 5. c3 Bb7 6. d4 cxd4 7.
cxd4 d6 8. O-O e6 9. a3 Nf6 10. Nbc3 Be7 11. h3 O-O 12. Be3 d5 13. exd5 exd5 14. Nf4 Na5 15. g4 Nc4 16. g5 Nxe3 17. fxe3 Ne4 18. Nxe4 dxe4 19. h4 Rc8 20. Qb3 Qc7 21.
Nd5 Bxd5 22. Qxd5 Qg3 23. Qxe4 Bd6 24. Rf3 Qh2+ 25. Kf2 Rfe8 26. Qf5 Qxh4+ 27. Kg1 Rc7 28. Rh3 g6 29. Qd5 Qg4 30. Rf1 Bf8 31. Rhf3 Qe6 32. Qxe6 Rxe6 33. d5 Rd6 34. e4 Bg7 35. Rd3 Be5 36. b4 Kg7 37. Bh3 Rd8 38. Rff3 Rc2 0-1

[Event "*** Titled Tuesday Blitz"]
[Site "Chess.com"]
[Date "2021.02.02"]
[Round "3"]
[White "arctic_t00"]
[Black "Gabrielian_Artur"]
[Result "0-1"]
[WhiteElo "2526"]
[BlackElo "2784"]
[TimeControl "180+1"]
[EndTime "10:30:36 PST"]
[Termination "Gabrielian_Artur won by resignation"]

1. d4 Nf6 2. c4 e6 3. Nf3 Bb4+ 4.
Nbd2 O-O 5. a3 Be7 6. e4 d6 7.
Be2 Nc6 8. O-O e5 9. d5 Nb8 10.
b4 a5 11. Bb2 Ne8 12. Nb3 axb4 13. axb4 Rxa1 14. Bxa1 f5 15. exf5 Bxf5 16. Re1 Nd7 17. h3 Bg6 18. Bd3 Bh5 19. Nbd2 Bg5 20. g4 Bxd2 21.
Nxd2 Bg6 22. Bxg6 hxg6 23. Ne4 Qh4 24. Qd3 Nef6 25. Nxf6+ Rxf6 26. Qe3 Rf4 27. Rc1 Nf6 28.
Qg3 Qg5 29. Qe3 Nxg4 30. hxg4 Rxg4+ 31. Kf1 Rg1+ 32. Ke2 Qxe3+ 0-1

[Event "*** Titled Tuesday Blitz"]
[Site "Chess.com"]
[Date "2021.02.02"]
[Round "3"]
[White "kasparicy"]
[Black "Gulkov_Igor"]
[Result "1-0"]
[WhiteElo "2335"]
[BlackElo "2503"]
[TimeControl "180+1"]
[EndTime "10:30:36 PST"]
[Termination "kasparicy won by resignation"]

1. e4 c5 2. Nf3 d6 3. d4 cxd4 4. Nxd4 Nf6 5. Nc3 a6 6. Qf3 Nbd7 7.
g4 Ne5 8. Qg2 Nexg4 9. h3 Ne5 10. f4 Nc6 11. Be3 e5 12. Nb3 exf4 13. Bxf4 Be6 14.
O-O-O Qb6 15. Nd5 Bxd5 16. exd5 Ne5 17. Kb1 g6 18. h4 Nh5 19. Bxe5 dxe5 20. Be2 Nf4 21.
Qg5 f6 22. Qg4 Bd6 23. h5 Ke7 24. Nd2 Qe3 25. Bd3 f5 26. Qg5+ Kd7 27. Nc4 Qc5 28. Qf6 Rhe8 29. hxg6 hxg6 30. Rh7+ Kc8 31. Nxd6+ 1-0

[Event "*** Titled Tuesday Blitz"]
[Site "Chess.com"]
[Date "2021.02.02"]
[Round "3"]
[White "kleopl"]
[Black "Grineva_Marianna"]
[Result "1-0"]
[WhiteElo "2503"]
[BlackElo "2258"]
[TimeControl "180+1"]
[EndTime "10:30:36 PST"]
[Termination "kleopl won by checkmate"]

1. c4 e5 2. Nc3 Be7 3. Nf3 d6 4. d4 Nd7 5. g3 f5 6. Bg2 Ngf6 7. O-O O-O 8. b3 e4 9. Ng5 Nb6 10. h4 h6 11. Nh3 d5 12. c5 Nbd7 13. Nf4 Nb8 14. Ng6 Rf7 15. a3 c6 16. b4 Kh7 17.
Ne5 Rf8 18. f3 Be6 19. fxe4 dxe4 20. Bh3 Nd5 21. Nxe4 Bxh4 22. gxh4 Qxh4 23. Nf2 Qg3+ 24. Bg2 Nd7 25. Nxd7 Bxd7 26. Qd3 Qg6 27. Bd2 Rae8 28. Rae1 Be6 29. Kh1 Nf6 30. Rg1 Ng4 31. Nxg4 Qxg4 32.
e4 Qxe4 33. Bxe4 fxe4 34. Qg3 Bf5 35. Qxg7# 1-0

[Event "*** Titled Tuesday Blitz"]
[Site "Chess.com"]
[Date "2021.02.02"]
[Round "3"]
[White "KeithArkell"]
[Black "GMJustin"]
[Result "0-1"]
[WhiteElo "2430"]
[BlackElo "2309"]
[TimeControl "180+1"]
[EndTime "10:30:39 PST"]
[Termination "GMJustin won by resignation"]

1. d4 Nf6 2. Nf3 g6 3. c4 Bg7 4. g3 d5 5. cxd5 Nxd5 6. Bg2 Nb6 7. Nc3 Nc6 8. e3 O-O 9. O-O a5 10. b3 e5 11. Nxe5 Nxe5 12. dxe5 Bxe5 13. Bb2 Qxd1 14. Rfxd1 c6 15. Rd2 Be6 16. Ne4 Bxb2 17. Rxb2 Rad8 18. Nc5 Bc8 19. Rc1 Nd7 20. h4 Nxc5 21. Rxc5 Rd1+ 22. Kh2 a4 23. bxa4 Rfd8 24. a5 R8d2 25. Rcc2 Rxc2 26. Rxc2 Bf5 27. Rb2 Rb1 28. Rxb1 Bxb1 29. a3 Bd3 30. Kg1 Kf8 31. Bf1 Bxf1 32. Kxf1 Ke7 33. Ke2 Kd6 34. Kd3 Kc5 35. Ke4 Kb5 36. Kd4 Kxa5 37. Kc3 Ka4 38. Kb2 b5 39. e4 b4 40. axb4 Kxb4 41.
f4 Kc4 42. e5 Kd5 43. Kc3 Ke4 44. Kc4 Kf3 45. Kc5 Kxg3 46. Kxc6 Kxf4 47. Kd6 Kf5 48.
Ke7 Kxe5 49. Kxf7 Kf5 50. Kg7 h5 51. Kh6 Kg4 52. Kxg6 Kxh4 53. Kf5 Kg3 0-1

[Event "*** Titled Tuesday Blitz"]
[Site "Chess.com"]
[Date "2021.02.02"]
[Round "3"]
[White "Fandorine"]
[Black "Iball95"]
[Result "1-0"]
[WhiteElo "2825"]
[BlackElo "2605"]
[TimeControl "180+1"]
[EndTime "10:30:40 PST"]
[Termination "Fandorine won by checkmate"]

1. d4 e6 2. Nf3 c5 3. e4 cxd4 4. Nxd4 Nc6 5. Nc3 a6 6. Bf4 d6 7.
Nxc6 bxc6 8. Qd3 e5 9. Bg3 Be7 10. O-O-O Nf6 11. Be2 O-O 12. f4 Qa5 13. Kb1 Be6 14.
f5 Bd7 15. Be1 Qc7 16. g4 d5 17. g5 dxe4 18. Qg3 Nd5 19. f6 Bc5 20. Nxe4 Bd4 21.
c3 Bf5 22. Bd3 Be3 23. fxg7 Rfb8 24. Nf6+ Nxf6 25. Bxf5 Qb6 26. b3 Nd5 27. Qh4 Kxg7 28.
Qh6+ Kg8 29. Bxh7+ Kh8 30. Bg6+ Kg8 31. Qh7+ Kf8 32. Qxf7# 1-0

[Event "*** Titled Tuesday Blitz"]
[Site "Chess.com"]
[Date "2021.02.02"]
[Round "3"]
[White "Camels1981"]
[Black "CSB7"]
[Result "0-1"]
[WhiteElo "2268"]
[BlackElo "2590"]
[TimeControl "180+1"]
[EndTime "10:30:40 PST"]
[Termination "CSB7 won by checkmate"]

1. e4 c5 2. Nf3 e6 3. Be2 Nc6 4. O-O Nf6 5. Nc3 d5 6. exd5 Nxd5 7. Nxd5 Qxd5 8. d3 Be7 9. Be3 O-O 10. Nd2 b6 11.
Bf3 Qd7 12. Nc4 Bb7 13. Re1 Bf6 14. Qc1 Rad8 15. Bg5 Bxg5 16. Qxg5 Nd4 17. Bxb7 Qxb7 18. Rac1 Rd5 19. Qg3 Rfd8 20. Re4 Rf5 21. c3 Qxe4 22. dxe4 Ne2+ 23. Kf1 Nxg3+ 24. hxg3 Rh5 25. Ke2 Kf8 26. f4 Ke7 27. g4 Rh4 28. Ne3 h5 29. Kf3 hxg4+ 30.
Kg3 Rhh8 31. Nxg4 Rd2 32. Ne5 Rc8 33. Kf3 Rxb2 34. Rd1 Rc7 35. g4 Rxa2 36. f5 Rc2 37.
c4 a5 38. Rb1 a4 39. Rxb6 a3 40. Ra6 a2 41. g5 exf5 42. exf5 f6 43. gxf6+ gxf6 44. Ng6+ Kf7 45. Nf4 Rb7 46. Nd5 Rb3+ 47. Kf4 Rxc4# 0-1

[Event "*** Titled Tuesday Blitz"]
[Site "Chess.com"]
[Date "2021.02.02"]
[Round "3"]
[White "HElissalt"]
[Black "Vamostodorecto"]
[Result "0-1"]
[WhiteElo "2236"]
[BlackElo "2461"]
[TimeControl "180+1"]
[EndTime "10:30:41 PST"]
[Termination "Vamostodorecto won by resignation"]

1. d4 Nf6 2. c4 g6 3. Nc3 d5 4. cxd5 Nxd5 5. Bd2 Bg7 6. e4 Nxc3 7. Bxc3 c5 8. d5 Bxc3+ 9. bxc3 O-O 10. h4 e6 11.
h5 exd5 12. exd5 Qf6 13. Qd2 Re8+ 14. Be2 b5 15. hxg6 hxg6 16. Kf1 b4 17. Qh6 Qg7 18. Qxg7+ Kxg7 19. cxb4 cxb4 20. Rh4 a5 21. Rc1 Ba6 22. Rd4 Nd7 23. Bxa6 Rxa6 24. Nf3 Rd6 25. Rc6 Rxc6 26. dxc6 Nb6 27. Rd6 Rc8 28. Ne5 a4 29. Nd7 Nc4 30.
Rf6 b3 31. axb3 axb3 32. Rf3 Nd2+ 0-1

[Event "*** Titled Tuesday Blitz"]
[Site "Chess.com"]
[Date "2021.02.02"]
[Round "3"]
[White "carlocapau"]
[Black "SharapovEvgeny"]
[Result "0-1"]
[WhiteElo "2292"]
[BlackElo "2462"]
[TimeControl "180+1"]
[EndTime "10:30:42 PST"]
[Termination "SharapovEvgeny won by resignation"]

1. d4 d5 2. c4 c6 3. Nf3 Nf6 4. Nc3 g6 5. Bf4 Bg7 6. e3 O-O 7. Rc1 Bg4 8. cxd5 Nxd5 9. Nxd5 cxd5 10. Bd3 Nc6 11. O-O Bxf3 12. Qxf3 e6 13. a3 a6 14.
Rc2 Rc8 15. Rfc1 Qd7 16. h4 e5 17. dxe5 Nxe5 18. Bxe5 Bxe5 19. b4 d4 20. exd4 Bxd4 21. h5 Bb2 22. Rxc8 Rxc8 23. Rxc8+ Qxc8 24. Be4 Qc1+ 25.
Kh2 Bxa3 26. Bd5 Qc7+ 27. g3 Bxb4 28. hxg6 hxg6 29. Qe4 Qd6 30. Qe8+ Qf8 31. Bxf7+ Kg7 32. Qxf8+ Bxf8 33. Bc4 b5 34. Bd3 g5 35. Kg2 Kf6 36.
f4 gxf4 37. gxf4 Ke6 38. Kf3 Kd5 39. Ke3 Kc5 40. Kd2 a5 41. f5 Bg7 42. Kc2 a4 43. Be4 b4 44. Kb1 b3 45. Bb7 a3 0-1

[Event "*** Titled Tuesday Blitz"]
[Site "Chess.com"]
[Date "2021.02.02"]
[Round "3"]
[White "vinniethepooh"]
[Black "IDontWannaRecognized"]
[Result "1-0"]
[WhiteElo "2736"]
[BlackElo "2269"]
[TimeControl "180+1"]
[EndTime "10:30:43 PST"]
[Termination "vinniethepooh won on time"]

1. d4 d5 2. c4 e6 3. Nc3 Be7 4.
cxd5 exd5 5. Bf4 c6 6. e3 Bd6 7. Bxd6 Qxd6 8. Bd3 Ne7 9. Nge2 Bf5 10. O-O Nd7 11. b4 a6 12. a4 O-O 13. Bxf5 Nxf5 14. Qd3 g6 15. b5 cxb5 16. axb5 a5 17. e4 dxe4 18. Nxe4 Qb6 19. Nf4 Rfd8 20. Rfd1 Ne5 21. Qc3 Nxd4 22. h3 f5 23. Nc5 Rac8 24. Rxd4 Rxd4 25.
Qxd4 Qxc5 26. Qa4 b6 27. Rd1 Nc4 28. Qa2 Qxb5 29. Nd5 Rc5 30. Ne3 1-0

[Event "*** Titled Tuesday Blitz"]
[Site "Chess.com"]
[Date "2021.02.02"]
[Round "3"]
[White "ErikBlomqvist"]
[Black "kamilianin235"]
[Result "1-0"]
[WhiteElo "2493"]
[BlackElo "2233"]
[TimeControl "180+1"]
[EndTime "10:30:43 PST"]
[Termination "ErikBlomqvist won by checkmate"]

1. e4 c5 2. Nf3 e6 3. g3 Nc6 4. Bg2 g6 5. d4 Bg7 6. d5 Nd4 7. Nxd4 cxd4 8. O-O Ne7 9. d6 Nc6 10. Nd2 O-O 11. f4 e5 12. Nf3 Qb6 13. Kh1 Qc5 14.
fxe5 Nxe5 15. Qxd4 Qxd4 16. Nxd4 Nc4 17. Nb5 a6 18.
Nc7 Rb8 19. Bg5 f6 20. Bf4 g5 21. Bc1 Nxd6 22. e5 fxe5 23. Bd5+ Kh8 24. Rxf8+ Bxf8 25. Bxg5 b5 26. Rf1 Bg7 27. Be7 Nc4 28. Ne8 Ne3 29. Rf8+ Bxf8 30. Bf6+ Bg7 31. Bxg7# 1-0

[Event "*** Titled Tuesday Blitz"]
[Site "Chess.com"]
[Date "2021.02.02"]
[Round "3"]
[White "Chernobay_Artem"]
[Black "Deepweb2020"]
[Result "1-0"]
[WhiteElo "2581"]
[BlackElo "2388"]
[TimeControl "180+1"]
[EndTime "10:30:44 PST"]
[Termination "Chernobay_Artem won by checkmate"]

1. d4 Nf6 2. c4 e6 3. Nf3 Bb4+ 4. Nbd2 b6 5. a3 Bxd2+ 6. Qxd2 Bb7 7. e3 O-O 8. Be2 d6 9. b4 Nbd7 10. Bb2 Qe7 11.
O-O Ne4 12. Qc2 f5 13. d5 e5 14. Nd2 Nxd2 15. Qxd2 f4 16. Bg4 Bc8 17. Rae1 f3 18.
Bxf3 Rxf3 19. gxf3 Nf6 20. Kh1 Bf5 21. e4 Bh3 22. Rg1 Nh5 23. Qg5 Qf7 24. f4 Nxf4 25. Re3 Bd7 26. Rf3 Kh8 27. Rxf4 exf4 28. Qxg7+ Qxg7 29. Rxg7 Bh3 30. Rg1# 1-0

[Event "*** Titled Tuesday Blitz"]
[Site "Chess.com"]
[Date "2021.02.02"]
[Round "3"]
[White "Darius321"]
[Black "Pilopa"]
[Result "1-0"]
[WhiteElo "2284"]
[BlackElo "2546"]
[TimeControl "180+1"]
[EndTime "10:30:44 PST"]
[Termination "Darius321 won by checkmate"]

1. e4 Nc6 2. Nf3 d6 3. d4 Nf6 4. Nc3 g6 5. Bg5 Bg7 6. Qd2 h6 7. Bf4 a6 8. a4 g5 9. Be3 Ng4 10. Bc4 e6 11. d5 Nce5 12. Nxe5 Nxe3 13. Qxe3 Bxe5 14. dxe6 fxe6 15. Qh3 Qf6 16. O-O O-O 17. Rad1 Bd7 18. Rd3 Rae8 19. Bb3 Qg6 20. Nd5 Rc8 21. Ne7+ Kg7 22. Nxg6 Kxg6 23. Bxe6 Bxe6 24. Qxe6+ Kg7 25. Rf3 Rxf3 26. gxf3 Rf8 27. Kg2 Rf7 28. c3 Rf6 29. Qc8 b6 30. Qxa6 Rf7 31. h3 Kg6 32. a5 bxa5 33. Qxa5 h5 34. Rh1 h4 35. Qd5 Re7 36. Qc4 Rf7 37. b4 Re7 38. Ra1 Rf7 39. Ra7 d5 40. Qxd5 Bd6 41. Ra6 Kg7 42. Rxd6 cxd6 43. Qxd6 Rf6 44. Qd4 Kg6 45. b5 Rf7 46. b6 Re7 47. Qd6+ Kf7 48. Qxe7+ Kxe7 49. b7 Kd7 50. b8=Q Ke6 51. Qb6+ Ke5 52. Qc5+ Kf6 53. Qf5+ Kg7 54. Qxg5+ Kh7 55. Qxh4+ Kg7 56. Qg5+ Kf7 57. Qf5+ Ke7 58. Qg6 Kd7 59. h4 Kc7 60. h5 Kb7 61. h6 Ka7 62. h7 Kb7 63. h8=Q Kc7 64. Qhh7+ Kd8 65. Qgg8# 1-0

[Event "*** Titled Tuesday Blitz"]
[Site "Chess.com"]
[Date "2021.02.02"]
[Round "3"]
[White "ChelsieMonica"]
[Black "FearNoEvil12"]
[Result "1-0"]
[WhiteElo "2395"]
[BlackElo "2199"]
[TimeControl "180+1"]
[EndTime "10:30:44 PST"]
[Termination "ChelsieMonica won by resignation"]

1. c4 Nf6 2. Nf3 d6 3. g3 g6 4.
Bg2 Bg7 5. O-O O-O 6. d4 Nc6 7. d5 Nb8 8. Nc3 e5 9. e4 a5 10. Be3 Na6 11. Rc1 h6 12. Qd2 Kh7 13. h3 Nd7 14. g4 f5 15. exf5 gxf5 16. gxf5 Rxf5 17.
Nh2 Rf8 18. Be4+ Kh8 19. Bxh6 Qf6 20. Ng4 Qh4 21. Kg2 Nf6 22. Bg5 Qh5 23. Bxf6 Bxg4 24.
Bxg7+ Kxg7 25. Qe3 Rh8 26. hxg4 Qxg4+ 27. Qg3 Qxg3+ 28.
fxg3 Nc5 29. Rf2 Nxe4 30. Nxe4 Rhf8 31. Rcf1 Rxf2+ 32. Rxf2 Rh8 33. g4 Rh4 34. Kg3 Rh1 35. c5 dxc5 36. Nxc5 b6 37. Ne6+ Kg6 38. Nxc7 Rd1 39.
d6 Rxd6 40. Nb5 Rd3+ 41. Kg2 e4 42. Nc3 e3 43. Re2 Kg5 44. Kf3 Rd4 45. Rxe3 Rf4+ 46. Ke2 Rxg4 47. Kd3 Rb4 48. b3 b5 49. Re5+ Kf4 50.
Rxb5 Rxb5 51. Nxb5 Ke5 52. Kc4 Ke6 53. a4 Kd7 54.
Kc5 Kc8 55. Kb6 Kb8 56. Kxa5 Kb7 57. Kb4 1-0

[Event "*** Titled Tuesday Blitz"]
[Site "Chess.com"]
[Date "2021.02.02"]
[Round "3"]
[White "rududuyk"]
[Black "Fortitudine"]
[Result "0-1"]
[WhiteElo "2145"]
[BlackElo "2355"]
[TimeControl "180+1"]
[EndTime "10:30:44 PST"]
[Termination "Fortitudine won on time"]

1. e4 c5 2. Nf3 d6 3. d4 cxd4 4.
Nxd4 Nf6 5. Nc3 Nc6 6. Bg5 Bd7 7. Qd2 Rc8 8. f4 Nxd4 9. Qxd4 Qa5 10. O-O-O Rxc3 11. Qxc3 Qxc3 12. bxc3 Nxe4 13. Rd4 Nxc3 14. Kb2 Na4+ 15.
Ka3 Nc5 16. Bc4 a6 17. Re1 Ne6 18. Rd5 h6 19. Bh4 g5 20. Bg3 gxf4 21. Bh4 Bg7 22. Rf5 Be5 23. Rfxe5 dxe5 24. Rxe5 Rg8 25. Bd5 b5 26.
Bb7 a5 27. c3 Rg4 28. Bf2 b4+ 29. cxb4 axb4+ 30. Kxb4 f3+ 31. Kc3 Rxg2 0-1

[Event "*** Titled Tuesday Blitz"]
[Site "Chess.com"]
[Date "2021.02.02"]
[Round "3"]
[White "Mr_Sinigami"]
[Black "mishanick"]
[Result "0-1"]
[WhiteElo "2640"]
[BlackElo "2883"]
[TimeControl "180+1"]
[EndTime "10:30:45 PST"]
[Termination "mishanick won on time"]

1. d4 Nf6 2. Nf3 d5 3. Bf4 c5 4. e3 Nc6 5. c3 Qb6 6. Qb3 c4 7.
Qc2 Bf5 8. Qc1 e6 9. Nbd2 h6 10. Be2 Be7 11. O-O O-O 12. b3 cxb3 13. axb3 Rfc8 14.
Qb2 a5 15. h3 Ne4 16. Nxe4 Bxe4 17. Rfc1 Na7 18. Ne5 Nc6 19. Nd7 Qd8 20. Nc5 b6 21. Nxe4 dxe4 22. Qb1 f5 23. Bc4 Qd7 24. f3 exf3 25.
Qxf5 Nxd4 26. Qe4 Ne2+ 27. Kh2 Rxc4 28. bxc4 Rf8 29. Re1 Bd6 30. Rad1 Nxc3 31. Rxd6 Qxd6 32. Qxf3 e5 0-1

[Event "*** Titled Tuesday Blitz"]
[Site "Chess.com"]
[Date "2021.02.02"]
[Round "3"]
[White "alejogarcia1999"]
[Black "almo64"]
[Result "0-1"]
[WhiteElo "2437"]
[BlackElo "2713"]
[TimeControl "180+1"]
[EndTime "10:30:46 PST"]
[Termination "almo64 won by checkmate"]

1. Nf3 d5 2. g3 Nd7 3. d4 e6 4. Bg2 b5 5. c3 Ngf6 6. a4 b4 7.
O-O Bb7 8. Ne5 Nxe5 9. dxe5 Nd7 10.
f4 Bc5+ 11. e3 a5 12. Re1 h5 13. h4 f6 14. Qd3 Qe7 15. Qg6+ Kd8 16. exf6 gxf6 17.
Qd3 Rg8 18. Kh2 Qg7 19. e4 Bf2 20. Re3 Ba6 21. Qd2 Bxg3+ 22. Kh1 Bxf4 23. Qf2 Bxe3 24. Bxe3 Ne5 25. Bd4 Ng4 26. Qf3 e5 27. exd5 exd4 28.
d6 Ra7 29. Nd2 Bb7 30. dxc7+ Qxc7 31. Ne4 Qh2# 0-1

[Event "*** Titled Tuesday Blitz"]
[Site "Chess.com"]
[Date "2021.02.02"]
[Round "3"]
[White "c_r_e_e_p_e_r"]
[Black "chegueps"]
[Result "1-0"]
[WhiteElo "2371"]
[BlackElo "2516"]
[TimeControl "180+1"]
[EndTime "10:30:46 PST"]
[Termination "c_r_e_e_p_e_r won by checkmate"]

1. d4 Nf6 2. c4 e6 3. Nc3 Bb4 4.
e3 O-O 5. a3 Bxc3+ 6. bxc3 b6 7. Bd3 c5 8. e4 d6 9. e5 Ne8 10. Nf3 Nc6 11. Bxh7+ Kxh7 12. Ng5+ Kg6 13. h4 dxe5 14.
h5+ Kf6 15. dxe5+ Ke7 16. Qf3 Bb7 17. Bf4 Na5 18. Ne4 Bxe4 19. Qxe4 Qc8 20. h6 gxh6 21.
Bxh6 Rg8 22. Rd1 Qc6 23. Qh4+ f6 24. exf6+ Nxf6 25. Bg5 Raf8 26. Qh7+ Rf7 27. Bxf6+ Kxf6 28. Qxg8 Qe4+ 29. Kf1 Qxc4+ 30. Kg1 Qf4 31. Qh8+ Ke7 32.
Qd8# 1-0

[Event "*** Titled Tuesday Blitz"]
[Site "Chess.com"]
[Date "2021.02.02"]
[Round "3"]
[White "TigrVShlyape"]
[Black "Firegrizzly"]
[Result "0-1"]
[WhiteElo "2841"]
[BlackElo "2594"]
[TimeControl "180+1"]
[EndTime "10:30:47 PST"]
[Termination "Firegrizzly won on time"]

1. d4 Nf6 2. Nf3 e6 3. Bf4 b6 4. e3 Bb7 5. Nbd2 Be7 6. h3 O-O 7. a4 a6 8. Bd3 c5 9. O-O d5 10. c3 Nbd7 11. Qb1 h6 12. b4 cxb4 13. cxb4 Rc8 14.
Qb2 Ne4 15. Rfc1 Nxd2 16. Qxd2 Nf6 17. Qb2 Ne4 18. Rxc8 Bxc8 19. Rc1 Bd6 20. Bxe4 Bxf4 21. Bh7+ Kxh7 22. exf4 Bd7 23. Ne5 Bxa4 24. Qa2 Bb5 25. Qc2+ Kg8 26. f5 exf5 27. Qxf5 Qe7 28. Rb1 g6 29. Qf4 Qg5 30. Qf3 Qf5 31. Qxf5 gxf5 32. Rc1 Ra8 33. Rc7 Be8 34. Nd3 a5 35. bxa5 bxa5 36. Rc3 a4 37. Ra3 Rb8 38. Nc5 Rb4 39.
Rd3 Bb5 40. Rd2 Bc4 0-1

[Event "*** Titled Tuesday Blitz"]
[Site "Chess.com"]
[Date "2021.02.02"]
[Round "3"]
[White "Shahaliyev"]
[Black "Hikaru"]
[Result "1-0"]
[WhiteElo "2742"]
[BlackElo "3171"]
[TimeControl "180+1"]
[EndTime "10:30:48 PST"]
[Termination "Shahaliyev won by resignation"]

1. e4 e5 2. Nf3 Nc6 3. Bb5 a6 4. Ba4 g6 5. c3 Bg7 6. d4 b5 7. Bc2 exd4 8. cxd4 d5 9. exd5 Nce7 10. Nc3 Nf6 11. O-O O-O 12. h3 Nexd5 13. Bb3 h6 14. Re1 Bb7 15. Bd2 Nxc3 16. Bxc3 Nd5 17. Ba5 Qd6 18. Rc1 Rac8 19. Ne5 Kh7 20. h4 h5 21. a3 Ba8 22. Qd2 Bh6 23. Qc2 Bxc1 24. Qxc1 c5 25. dxc5 Rxc5 26. Qd2 Rfc8 27. Nxf7 Qf4 28.
Ng5+ Kh6 29. Qxf4 Nxf4 30. Bd2 Bd5 31. Re7 R8c7 32. Rxc7 Rxc7 33. Bxf4 Rd7 34. Ne6+ Kh7 35. Nf8+ 1-0

[Event "*** Titled Tuesday Blitz"]
[Site "Chess.com"]
[Date "2021.02.02"]
[Round "3"]
[White "2nd_life"]
[Black "HrvojeZagreb"]
[Result "1-0"]
[WhiteElo "2443"]
[BlackElo "2221"]
[TimeControl "180+1"]
[EndTime "10:30:48 PST"]
[Termination "2nd_life won on time"]

1. e4 e6 2. Nf3 d5 3. e5 c5 4. b4 c4 5. a3 f6 6. Bb2 Nc6 7. d3 cxd3 8. Bxd3 fxe5 9. Nxe5 Nf6 10. Nd2 Bd6 11. Ndf3 O-O 12. O-O a5 13. b5 Nxe5 14.
Nxe5 Bd7 15. Qe2 Qe7 16. Rae1 Be8 17. Ng4 Nxg4 18. Qxg4 e5 19. c3 Qf7 20. c4 e4 21.
Bb1 Bd7 22. Qg5 dxc4 23. Rxe4 h6 24. Qd2 Bc5 25. Ba2 Bxb5 26. a4 Ba6 27. Qxh6 Rad8 28.
Qc1 c3 29. Bxf7+ Rxf7 30. Qxc3 Bxf1 31. Qxc5 1-0

[Event "*** Titled Tuesday Blitz"]
[Site "Chess.com"]
[Date "2021.02.02"]
[Round "3"]
[White "politeplayer"]
[Black "publicaccountcze"]
[Result "1-0"]
[WhiteElo "2209"]
[BlackElo "2362"]
[TimeControl "180+1"]
[EndTime "10:30:48 PST"]
[Termination "politeplayer won on time"]

1. e4 c5 2. Nf3 d6 3. d4 cxd4 4. Nxd4 Nf6 5. Nc3 Nc6 6. Bc4 Qb6 7. Nb3 e6 8. Be3 Qc7 9. Bd3 a6 10. f4 Be7 11. Qf3 b5 12. g4 b4 13. Ne2 Bb7 14. g5 Nd7 15. h4 a5 16. Nbd4 Nxd4 17. Nxd4 Nc5 18. Bb5+ Kd8 19. Bd3 Nxd3+ 20. cxd3 Qd7 21. f5 e5 22. f6 exd4 23. fxe7+ Qxe7 24. Bxd4 Rg8 25. Rf1 Ke8 26. O-O-O Rc8+ 27. Kb1 Qe6 28. Qf5 Qxf5 29.
Rxf5 a4 30. Rb5 Bc6 31. Rxb4 Ke7 32. Rc1 Bd7 33. Rb7 Rxc1+ 34. Kxc1 Rc8+ 35. Kd2 g6 36. Bf6+ Ke6 37. d4 d5 38. exd5+ Kd6 39. Be5+ Kxd5 40. Rxd7+ Ke4 41. Rxf7 1-0

[Event "*** Titled Tuesday Blitz"]
[Site "Chess.com"]
[Date "2021.02.02"]
[Round "3"]
[White "Nils_03"]
[Black "SkippingLaptop"]
[Result "1-0"]
[WhiteElo "2329"]
[BlackElo "2091"]
[TimeControl "180+1"]
[EndTime "10:30:49 PST"]
[Termination "Nils_03 won by checkmate"]

1. d4 Nf6 2. Bg5 e6 3. Nd2 d5 4. e3 Be7 5. Bd3 O-O 6. c3 b6 7. f4 Bb7 8. Ngf3 Ne4 9. Bxe7 Qxe7 10. O-O Nd7 11. Qc2 Ndf6 12. Ne5 Nxd2 13. Qxd2 Ne4 14. Bxe4 dxe4 15. f5 f6 16. Ng4 exf5 17. Rxf5 Bc8 18. Rf4 g5 19. Nh6+ Kh8 20. Nf5 Qe8 21. Rf2 Qg6 22. Raf1 Ba6 23. Rd1 Rae8 24. b3 Bc8 25.
Rdf1 Rf7 26. h3 h5 27. c4 Rd8 28. Qc2 Bb7 29. d5 Re8 30. Nd4 Re5 31. Qc3 Kh7 32. Ne6 g4 33. Qxe5 gxh3 34. Qf5 Qxf5 35. Rxf5 hxg2 36.
Kxg2 Bc8 37. Kf2 c6 38. Ke1 cxd5 39. cxd5 Ba6 40. Rg1 Bc8 41. Rxh5# 1-0

[Event "*** Titled Tuesday Blitz"]
[Site "Chess.com"]
[Date "2021.02.02"]
[Round "3"]
[White "Vanina1989"]
[Black "Eltaj_Safarli"]
[Result "0-1"]
[WhiteElo "2686"]
[BlackElo "2939"]
[TimeControl "180+1"]
[EndTime "10:30:50 PST"]
[Termination "Eltaj_Safarli won on time"]

1. d4 Nf6 2. c4 e6 3. Nf3 b6 4. Bf4 Bb4+ 5. Nfd2 Bb7 6. e3 O-O 7. a3 Bxd2+ 8. Nxd2 d5 9. Bd3 Nbd7 10. O-O c5 11. cxd5 Nxd5 12. Bd6 Re8 13. e4 N5f6 14. e5 Nd5 15.
Qh5 h6 16. Qg4 Qg5 17. Qxg5 hxg5 18. Rfd1 cxd4 19. Nf3 Nf4 20. Nxd4 Bxg2 21. Bb5 Red8 22. Nc6 a6 23. Nxd8 axb5 24. Bc7 Bd5 25. Rd2 b4 26.
Rc1 bxa3 27. bxa3 Nc5 28. Bxb6 Nb3 29. Rcc2 Nxd2 30. Rxd2 Rxa3 31. f3 Rxf3 32. h4 gxh4 33. Kh2 Rf1 34. Bg1 g5 0-1